 Dungeon Crawl Stone Soup version 0.31-a0-1202-ga8fea8b373 (webtiles) character file.

Game seed: 6873765929167116917

105 Malachi the Insei (level 4, -2/23 HPs)
             Began as a Vine Stalker Shapeshifter on Dec 12, 2023.
             Killed from afar by an orc wizard (10 damage)
             ... with a puff of flame
             ... on level 3 of the Dungeon.
             The game lasted 00:02:34 (2107 turns).

Malachi the Insei (Vine Stalker Shapeshifter)       Turns: 2107, Time: 00:02:34

Health: -2/23      AC:  2    Str: 22    XL:     4   Next: 81%
Magic:  0/5        EV: 12    Int: 10    God:
Gold:   120        SH:  0    Dex: 16    Spells: 3/3 levels left

rFire   . .          .
                       - Unarmed
rCold   . . .        (no shield)
rNeg    . . .        a - +0 animal skin
rPois   +            (helmet currently unavailable)
rElec   .            (cloak currently unavailable)
rCorr   .            (gloves currently unavailable)
SInv    .            (boots currently unavailable)
Will    .....        (no amulet)
Stlth   +            f - ring of poison resistance
HPRegen 1.03/turn    n - +6 ring of strength
MPRegen 0.09/turn

%: guardian spirit
@: beast-form
A: beast (slay +2), fangs 2, regeneration 1, magic shield, antimagic bite, no
potion heal 2
a: Begin Untransformation


You were on level 3 of the Dungeon.
You were a hulking beast.
You visited 1 branch of the dungeon, and saw 3 of its levels.

You collected 120 gold pieces.

Inventory:

Armour
 a - a +0 animal skin (worn)
Jewellery
 f - a ring of poison resistance (left hand)
 n - a +6 ring of strength (right hand)
Talismans
 c - a beast talisman
 d - a flux talisman
Wands
 q - a wand of light (9)
Scrolls
 g - a scroll of noise {unknown}
 h - a scroll of silence {unknown}
 i - 5 scrolls of identify {unknown}
 j - a scroll of teleportation {unknown}
 k - a scroll of fear {unknown}
 o - a scroll of immolation {unknown}
 p - a scroll of blinking {unknown}
Potions
 b - a potion of lignification
 e - 2 potions of resistance {unknown}
 l - 3 potions of heal wounds {unknown}
 m - a potion of magic {unknown}
 r - a potion of mutation {unknown}


   Skills:
 + Level 2.4 Fighting
 - Level 1.5 Dodging
 + Level 3.9 Unarmed Combat
 + Level 3.7 Shapeshifting


You had 3 spell levels left.
You didn't know any spells.
Your spell library was empty.

Dungeon Overview and Level Annotations

Branches:
Dungeon (3/15)

Altars:
The Shining One

Annotations:
D:3 1 runed translucent door, paps's ghost, amateur OpSh


Innate Abilities, Weirdness & Mutations

You are a hulking beast.
Your limbs bulge with bestial killing power. (Slay +2)
You have extremely sharp teeth.
Your natural rate of healing is unusually fast.
When hurt, damage is shared between your health and your magic reserves.
Your bite disrupts and absorbs the magic of your enemies.
Potions cannot restore your health.


Message History

An orc is nearby!
An orc wizard and an orc come into view.
An orc wizard comes into view. It is wielding a +0 dagger.
The orc shouts! x2; The orc wizard shouts!
An endoplasm comes into view.
An orc comes into view. It is wielding a +0 whip.
The orc shouts!
The orc wizard casts a spell at you. You resist with some effort.
You completely miss the orc. You bite the orc, but do no damage.
The orc hits you with a +0 whip.
You barely miss the orc wizard.
The orc wizard hits you with a +0 dagger.
The orc misses you. The orc barely misses you.
The orc wizard hits you with a +0 dagger.
You barely miss the orc wizard. You bite the orc wizard.
The orc wizard's magic leaks into the air.
You drain its magic.
You feel invigorated.
The orc wizard is lightly wounded.
The orc hits you with a +0 whip.
The orc wizard hits you with a +0 dagger.
The orc hits you with a +0 whip. The orc wizard misses you.
You hit the orc wizard.
The orc wizard is moderately wounded.
The orc closely misses you. x2
The orc wizard casts a spell at you. The puff of flame hits you!
The orc wizard casts a spell.
The orc wizard flickers and vanishes!
Deactivating autopickup; reactivate with Ctrl-A.
You are too injured to fight recklessly!
Unknown command.
You are too injured to fight recklessly!
Unknown command.
You are too injured to fight recklessly!
Unknown command.
You are too injured to fight recklessly!
The orc wizard casts a spell at you. The puff of flame hits you!
You die...

#....#....≈.......##......#......
###.......~P.......#......#......
#.......P..#.†...#......#......
#.###.>...'##....##+##+##......
#...#....##_##...##.## #......
###.#.....###......... ......
#....#...#...#####.. .....#
####.........#.# ...^.
###..........(..h#####... .....#
#......(..........{o..... ......
#.............#.ooo...... ### #.
...........##.#.J......... ####.
####.......##+#............##....
####.#.....#.....................
................###..#...........
................##...............
........................#........


You could see an orc wizard (magic disrupted), 3 orcs and an endoplasm.

Vanquished Creatures
  An orc priest (D:3)
  2 adders
  A dart slug (D:2)
  2 orcs (D:3)
  3 bats
  4 endoplasms
  6 giant cockroaches
  5 goblins
  5 hobgoblins
  9 ball pythons
  4 frilled lizards (D:1)
  6 kobolds
  5 rats
53 creatures vanquished.

Notes
Turn   | Place    | Note
-------+----------+-------------------------------------------
     0 | D:1      | Malachi the Vine Stalker Shapeshifter began the quest for
                  | the Orb.
     0 | D:1      | Reached XP level 1. HP: 9/9 MP: 2/2
    72 | D:1      | Reached skill level 1 in Fighting
   107 | D:1      | Reached XP level 2. HP: 14/14 MP: 3/3
   420 | D:1      | Reached XP level 3. HP: 18/18 MP: 4/4
  1365 | D:2      | Found a faded altar of an unknown god.
  1698 | D:3      | Noticed paps's ghost (amateur OpSh)
  1698 | D:3      | Found a runed translucent door.
  1751 | D:3      | Reached XP level 4. HP: 23/23 MP: 5/5
  2088 | D:3      | Found a glowing golden altar of the Shining One.
  2107 | D:3      | Killed from afar by an orc wizard

Illustrated notes

Levels and vault maps discovered:
D:1:      lemuel_arrival_rhombus, layout_basic
D:2:      layout_loops_corners, shapermc_ecumenical_altar_mp_vishouse
D:3:      layout_basic, tso_oasis_becter, hellmonk_ghost_happy_afterlife,
          small_statue_alley_b, minmay_misc_feat_enclosed, amethyst_killhole,
          dreamdust_princess_bridge

Skill      XL: |  1  2  3 |
---------------+----------+-----
Fighting       | 1 2 |  2.4
Dodging        | |  1.5
Unarmed Combat | |  3.9
Shapeshifting  | |  3.7

Action                     |  1- 3 |  4- 6 || total
---------------------------+-------+-------++-------
  Melee: Unarmed           |   105 |    26 ||   131
         Bite              |    16 |     6 ||    22
   Stab: Sleeping          |    10 |       ||    10
 Armour: Animal skin       |    42 |    13 ||    55
  Dodge: Dodged            |    60 |    28 ||    88

Table legend: (Time is in decaauts)
 A = Elapsed time spent in this place.
 B = Non-inter-level travel time spent in this place.
 C = Inter-level travel time spent in this place.
 D = Time resting spent in this place.
 E = Time spent auto-exploring this place.
 F = Levels seen in this place.
 G = Mean time per level.
                   A        B        C        D        E       F      G
               +--------+--------+--------+--------+--------+-----+--------+
         Total |   2097 |   1930 |    167 |      0 |   1583 |   3 |  699.0 |
       Dungeon |   2097 |   1930 |    167 |      0 |   1583 |   3 |  699.0 |
               +--------+--------+--------+--------+--------+-----+--------+

Top non-repeatable levels by time:
     D:2: 1032 daAuts
     D:1: 658 daAuts
     D:3: 406 daAuts
